 Dungeon Crawl Stone Soup version 0.29.0-13-gc9e81de378 (webtiles) character file.

Game seed: 13528895289311000318

10 Descartes the Charlatan (level 2, 0/13 HPs)
             Began as a Felid Wanderer on Sept 9, 2022.
             Frozen to death by an endoplasm (5 damage)
             ... on level 1 of the Dungeon.
             The game lasted 00:01:32 (933 turns).

Descartes the Charlatan (Felid Wanderer)             Turns: 933, Time: 00:01:33

Health: 0/13       AC:  1    Str:  7    XL:     2   Next: 10%
Magic:  4/4        EV: 16    Int: 12    God:
Gold:   11         SH:  0    Dex: 17    Spells: 2/3 levels left
                                        Lives:  0   Deaths: 0

rFire   . . .      SeeInvis +   (weapon unavailable)
rCold   . . .      Faith    .   (shield unavailable)
rNeg    . . .      Spirit   .   (body armour unavailable)
rPois   .          Reflect  .   (helmet unavailable)
rElec   .          Harm     .   (cloak unavailable)
rCorr   .          Rampage  .   (gloves unavailable)
Will    .....                   (boots unavailable)
Stlth   ++........              (no amulet)
HPRegen 0.04/turn               (no ring)
MPRegen 0.09/turn               (no ring)

@: appendages (expiring), quick
A: horns 2, very small, claws 1, fangs 3, see invisible, speed 1, shaggy fur 1,
stealthy paws, no weapons or thrown items, no armour, multi-lived
a: End Transformation


You were on level 1 of the Dungeon.
You had temporarily grown beastly horns.
You visited 1 branch of the dungeon, and saw 1 of its levels.

You collected 11 gold pieces.

Inventory:

Wands
 b - a wand of flame (6)
Scrolls
 a - 2 scrolls of teleportation
 d - a scroll of identify {unknown}
 e - a scroll of enchant armour {unknown}
Potions
 c - a potion of curing
 f - a potion of mutation {unknown}


   Skills:
 + Level 2.1 Fighting
 + Level 0.6 Dodging
 + Level 0.8 Stealth
 + Level 0.4 Unarmed Combat
 + Level 1.1 Spellcasting
 + Level 2.3 Transmutations
 + Level 5.5 Evocations


You had 2 spell levels left.
You knew the following spells:

 Your Spells              Type           Power      Damage    Failure   Level
a - Beastly Appendage     Tmut           12%        N/A       12%         1

Your spell library contained the following spells:

 Spells                   Type           Power      Damage    Failure   Level
 Passwall                 Tmut/Erth      2%         N/A       28%         2
 Ice Form                 Ice/Tmut       3%         N/A       88%         4


Dungeon Overview and Level Annotations

Branches:
Dungeon (1/15)

Altars:


Innate Abilities, Weirdness & Mutations

You have temporarily grown beastly horns.
You have sharp claws.
You have razor-sharp teeth.
You have supernaturally acute eyesight. (SInv)
You cover ground quickly. (Speed+)
You are covered in fur. (AC +1)
Your paws help you pounce on unaware monsters.
You are incapable of wielding weapons or throwing items.
You cannot wear armour.
You gain extra lives every three experience levels.


Message History

You are too injured to fight recklessly!
You scratch the hobgoblin.
You kill the hobgoblin!
You have reached level 2!
Your horns disappear.
A hobgoblin comes into view.
A hobgoblin is nearby!
Casting: Beastly Appendage (safe; 12% risk of failure)
Confirm with . or Enter, or press ? or * to list all spells.
You grow a pair of large bovine horns.
An endoplasm comes into view.
The endoplasm quivers.
Your transformation is almost over.
The hobgoblin barely misses you.
You scratch the hobgoblin but do no damage.
The hobgoblin hits you.
You closely miss the hobgoblin. You headbutt the hobgoblin.
The hobgoblin is moderately wounded.
The hobgoblin completely misses you.
You scratch the hobgoblin but do no damage.
You bite the hobgoblin, but do no damage.
The hobgoblin is moderately wounded.
The hobgoblin barely misses you.
You scratch the hobgoblin but do no damage.
The hobgoblin is moderately wounded.
The hobgoblin misses you.
You scratch the hobgoblin but do no damage.
The hobgoblin is moderately wounded.
The hobgoblin hits you.
You scratch the hobgoblin but do no damage.
You headbutt the hobgoblin.
You kill the hobgoblin!
The endoplasm jiggles.
The endoplasm hits you. The endoplasm barely misses you.
You scratch the endoplasm but do no damage.
Your headbutt misses the endoplasm. The endoplasm freezes you.
You are frozen.
You die...

.####'###.....
....#.#.......
...##..........
.####.......... #...
..##........... .....
#....#.........# ......
#..#...#........ ......
.#...#...#......##......
...#...#...#....@#......
.#...#...#.......J.....~
...#...#...#..#.......~≈
.#...#...#... ##..#~~~≈≈
...#...#...#.###.....~~~
.#...#.. #)..#.........≈
...#...#...#............
.#..^#...#..##..........
#..#.†.#..# #..÷.......


You could see an endoplasm.

Vanquished Creatures
  A ball python (D:1)
  4 hobgoblins (D:1)
  3 bats (D:1)
  A frilled lizard (D:1)
  A rat (D:1)
10 creatures vanquished.

Vanquished Creatures (others)
  2 jackals (D:1)
2 creatures vanquished.

Grand Total: 12 creatures vanquished

Notes
Turn   | Place    | Note
-------+----------+-------------------------------------------
     0 | D:1      | Descartes the Felid Wanderer began the quest for the Orb.
     0 | D:1      | Descartes set off with the following items: a scroll of
                  | teleportation, a wand of flame (6), a potion of curing; and
                  | the following spell memorised: Beastly Appendage; and the
                  | following spells available to memorise: Passwall, Ice Form.
     0 | D:1      | Reached XP level 1. HP: 9/9 MP: 3/3
     3 | D:1      | Noticed a draconian
     5 | D:1      | Noticed a naga
     5 | D:1      | Noticed a vampire
     7 | D:1      | Noticed a tengu
     7 | D:1      | Noticed an octopode
     9 | D:1      | Noticed a vine stalker
     9 | D:1      | Noticed a minotaur
    11 | D:1      | Noticed a formicid
    11 | D:1      | Noticed a merfolk
    13 | D:1      | Noticed a meteoran
    13 | D:1      | Noticed a palentonga
    15 | D:1      | Noticed a felid
    15 | D:1      | Noticed a demigod
    17 | D:1      | Noticed a gargoyle
    17 | D:1      | Noticed an elf
    19 | D:1      | Noticed an ogre
    19 | D:1      | Noticed a human
    21 | D:1      | Noticed a demonspawn
    23 | D:1      | Noticed a troll
    23 | D:1      | Noticed a ghoul
    25 | D:1      | Noticed a demonspawn
    27 | D:1      | Noticed a naga
    27 | D:1      | Noticed a palentonga
   718 | D:1      | Reached XP level 2. HP: 4/13 MP: 2/4
   933 | D:1      | Frozen to death by an endoplasm

Illustrated notes

Levels and vault maps discovered:
D:1:      kb_arrival_jail, layout_rooms, hex_medium, lemuel_old_faithful

Action                   || total
-------------------------++-------
Melee: Unarmed           ||    44
       Headbutt          ||     6
       Bite              ||     4
       Punch             ||     2
 Cast: Beastly Appendage ||     7
Armor: Skin              ||     3
Dodge: Dodged            ||    28
